 Dungeon Sprint DCSS version 0.20.1-1-g8b1a95d (webtiles) character file.

199 JustSomeDude the Destroyer (level 5, 0/48 HPs)
             Began as a Naga Conjurer on Nov 14, 2017.
             Was an Initiate of Vehumet.
             Slain by an orc warrior
             ... wielding a +0 glaive
              (24 damage)
             ... in the Dungeon (Sprint IX: "|||||||||||||||||||||||||||||").
             The game lasted 00:05:54 (634 turns).

JustSomeDude the Destroyer (Naga Conjurer)           Turns: 634, Time: 00:05:54

Health: 0/48       AC:  7    Str: 10    XL:     5   Next: 77%
Magic:  5/9        EV:  7    Int: 16    God:    Vehumet [......]
Gold:   0          SH:  0    Dex: 12    Spells: 7/10 levels left

rFire    . . .     SeeInvis +   n - staff of energy
rCold    . . .     Gourm    .   (no shield)
rNeg     . . .     Faith    .   q - +1 scale mail
rPois    +         Spirit   .   o - +0 helmet
rElec    .         Reflect  .   p - +0 cloak
rCorr    .         Harm     .   (no gloves)
MR       .....     NoTele   +   (no barding)
Stlth    +.........             (no amulet)
Regen    0.2/turn               (no ring)
MPRegen  0.2/turn               (no ring)

@: short of breath, very slow
A: see invisible, deformed body, poison resistance, slowness 2, slow metabolism
1, spit poison 1, AC +1
a: Spit Poison, Renounce Religion


You were in the Dungeon.
You worshipped Vehumet.
Vehumet was noncommittal.
You were not hungry.

You visited 1 branch

Inventory:

Armour
 a - a +0 robe
 o - a +0 helmet (worn)
 p - a +0 cloak (worn)
 q - a +1 scale mail (worn)
Magical Staves
 n - an uncursed staff of energy (weapon)
Jewellery
 l - a +3 ring of strength
 m - a +2 ring of protection
Wands
 k - a wand of lightning (7/15)
Scrolls
 h - 3 scrolls of remove curse
 i - 2 scrolls of amnesia
 j - a scroll of blinking
Potions
 d - a potion of magic
 e - a potion of invisibility
 f - 2 potions of heal wounds
 g - 4 potions of curing
Books
 b - a book of Conjurations

   Spells                             Type                      Level
   a - Magic Dart                     Conjuration                  1
   b - Searing Ray                    Conjuration                  2
   c - Dazzling Spray                 Conjuration/Hexes            3
   d - Fulminant Prism                Conjuration/Hexes            4
   e - Force Lance                    Conjuration/Translocation    4
   f - Iskenderun's Mystic Blast      Conjuration                  4
Comestibles
 c - a bread ration


   Skills:
 + Level 2.8 Fighting
 + Level 0.2 Armour
 + Level 3.1 Dodging
 + Level 4.7 Stealth
 + Level 2.6 Unarmed Combat
 + Level 3.2 Spellcasting
 + Level 10.1 Conjurations


You had 7 spell levels left.
You knew the following spells:

 Your Spells              Type           Power        Failure   Level  Hunger
a - Magic Dart            Conj           ####         1%          1    None
b - Searing Ray           Conj           #####.       3%          2    None


Dungeon Overview and Level Annotations

Branches:
Dungeon (1/1)

Altars:
Cheibriados
Dithmenos
Elyvilon
Fedhas
Gozag
Hepliaklqana
Kikubaaqudgha
Makhleb
Nemelex Xobeh
Okawaru
Qazlal
Ru
Sif Muna
Trog
Uskayaw
Vehumet
Xom
Yredelemnul
Zin
The Shining One
Beogh
Jiyva
Lugonu


Innate Abilities, Weirdness & Mutations

You cannot wear boots.
Your serpentine skin is tough. (AC +1)
You have supernaturally acute eyesight. (SInv)
Armour fits poorly on your strangely shaped body.
Your system is resistant to poisons. (rPois)
You cover ground very slowly.
You have a slow metabolism.
You can spit poison.


Message History

Magic courses through your body. The orc barely misses you.
The orc warrior hits you from afar with a glaive.
Casting: Searing Ray
Confirm with . or Enter, or press ? or * to list all spells.
Aiming: Searing Ray
Press: ? - help, Shift-Dir - straight line, f - ice beast, p - orc warrior
Aim: an ice beast The searing ray hits the orc.
The orc is severely wounded. (Press . to maintain the ray.)
The orc hits you but does no damage. The orc warrior completely misses you.
The searing ray misses the orc.
The searing ray hits the orc warrior.
The orc warrior is moderately wounded.
The orc hits you but does no damage.
The searing ray hits the orc.
You kill the orc!
Vehumet accepts your kill.
The orc warrior hits you from afar with a glaive!!
Ouch! That really hurt!
You die... ▓▓▓▓▓▓▓▓▓▓▓▓▓▓▓▓▓▓▓▓▓▓▓▓ ..ooYo[@....)...'____.__ ▓▓▓▓▓▓▓▓▓▓▓▓▓▓▓▓▓▓▓▓▓▓▓▓

You could see 2 orc warriors, an ice beast and an orc.

Vanquished Creatures
  A sky beast (D)
  An ogre (D)
  An adder (D)
  An adder zombie (D)
  A dart slug (D)
  2 orcs (D)
  A bat zombie (D)
  A goblin (D)
  2 kobolds (D)
  A rat (D)
12 creatures vanquished.

Notes
Turn   | Place    | Note
-------+----------+-------------------------------------------
     0 | D        | JustSomeDude the Naga Conjurer began the quest for the Orb.
     0 | D        | Reached XP level 1. HP: 15/15 MP: 3/3
    14 | D        | Reached skill level 5 in Conjurations
    16 | D        | Reached XP level 2. HP: 17/24 MP: 0/5
   183 | D        | Learned a level 2 spell: Searing Ray
   183 | D        | Noticed a sky beast
   197 | D        | Reached skill level 1 in Fighting
   197 | D        | Reached skill level 6 in Conjurations
   207 | D        | Killed a sky beast
   207 | D        | Reached skill level 1 in Unarmed Combat
   207 | D        | Reached skill level 8 in Conjurations
   207 | D        | Reached XP level 3. HP: 3/32 MP: 2/7
   207 | D        | Reached XP level 4. HP: 4/39 MP: 2/8
   500 | D        | Found a roughly hewn altar of Beogh.
   500 | D        | Found a snail-covered altar of Cheibriados.
   500 | D        | Found a shadowy altar of Dithmenos.
   500 | D        | Found a white marble altar of Elyvilon.
   500 | D        | Found a blossoming altar of Fedhas.
   500 | D        | Found an opulent altar of Gozag.
   501 | D        | Found a hazy altar of Hepliaklqana.
   502 | D        | Found a viscous altar of Jiyva.
   503 | D        | Found an ancient bone altar of Kikubaaqudgha.
   504 | D        | Found a corrupted altar of Lugonu.
   505 | D        | Found a burning altar of Makhleb.
   506 | D        | Found a sparkling altar of Nemelex Xobeh.
   507 | D        | Found an iron altar of Okawaru.
   508 | D        | Found a stormy altar of Qazlal.
   509 | D        | Found a sacrificial altar of Ru.
   510 | D        | Found a deep blue altar of Sif Muna.
   511 | D        | Found a bloodstained altar of Trog.
   512 | D        | Found a hide-covered altar of Uskayaw.
   513 | D        | Found a radiant altar of Vehumet.
   515 | D        | Found a shimmering altar of Xom.
   516 | D        | Found a basalt altar of Yredelemnul.
   517 | D        | Found a glowing silver altar of Zin.
   518 | D        | Found a glowing golden altar of the Shining One.
   557 | D        | Became a worshipper of Vehumet
   625 | D        | Noticed an orc warrior
   625 | D        | Noticed an ice beast
   625 | D        | Noticed an orc warrior
   625 | D        | Noticed an ogre
   630 | D        | Killed an ogre
   630 | D        | Reached skill level 10 in Conjurations
   630 | D        | Reached XP level 5. HP: 27/48 MP: 3/9
   634 | D        | Slain by an orc warrior

Skill      XL: |  1  2  3  4 |
---------------+-------------+-----
Conjurations   | 5 8 10 | 10.1
Fighting       | 2 |  2.8
Dodging        | 2 3 |  3.1
Stealth        | 4 |  4.7
Unarmed Combat | 1 2 |  2.6
Spellcasting   | 3 |  3.2
Armour         | |  0.2

Action                   |  1- 3 |  4- 6 || total
-------------------------+-------+-------++-------
Melee: Unarmed           |    12 |     4 ||    16
 Cast: Magic Dart        |     2 |       ||     2
       Searing Ray       |     3 |     2 ||     5
 Abil: Spit Poison       |       |     2 ||     2
  Use: Potion            |     6 |     1 ||     7
       Scroll            |     1 |       ||     1
Armor: Robe              |     2 |     6 ||     8
       Scale mail        |       |     2 ||     2
Dodge: Dodged            |     2 |     7 ||     9
